[Event "IV Zagreb Open 2019"]
[Site "Zagreb"]
[Date "2019.12.12"]
[Round "7.2"]
[White "Strikovic, Aleksa"]
[Black "Nikolov, Momchil"]
[Result "1/2-1/2"]
[ECO "D41"]
[WhiteElo "2468"]
[BlackElo "2533"]
[Annotator "ChessBase"]
[PlyCount "96"]
[EventDate "2019.12.07"]
[EventType "swiss"]
[EventCountry "CRO"]
[SourceTitle "playchess.com"]
[Source "ChessBase"]
[SourceQuality "1"]
[TimeControl "40/5400+30:1800+30"]

1. c4 Nf6 2. Nc3 c5 3. Nf3 d5 4. cxd5 Nxd5 5. d4 e6 6. e4 Nxc3 7. bxc3 cxd4 8. cxd4 Bb4+ 9. Bd2 Bxd2+ 10. Qxd2 O-O 11. Bc4 Nd7 12. O-O b6 13. Rfe1 Bb7 14. Qf4 Rc8 15. Bb3 Qf6 16. Qg3 Rc3 17. Rad1 Rd8 18. h4 h6 19. h5 Nf8 20. d5 exd5 21. exd5 a5 22. Qe5 Nd7 23. Qe7 Nc5 24. Qxf6 gxf6 25. Re7 Bc8 26. Nd4 Nxb3 27. Nxb3 Be6 28. d6 a4 29. Nc1 Rc6 30. a3 Rdxd6 31. Rxd6 Rxd6 32. Ne2 Rd3 33. Rb7 Rxa3 34. Rxb6 Ra1+ 35. Kh2 a3 36. Ra6 a2 37. Nc3 Kf8 38. Kg3 Ke7 39. f3 Kd7 40. Kf4 Kc7 41. Nxa2 Rxa2 42. Rxa2 Bxa2 43. Kf5 Kd7 44. Kxf6 Ke8 45. Kg7 Bd5 46. Kxh6 Kf8 47. Kg5 Kg7 48. Kf4 Kh6 1/2-1/2

[Event "IV Zagreb Open 2019"]
[Site "Zagreb"]
[Date "2019.12.12"]
[Round "7.6"]
[White "Nguyen, Piotr"]
[Black "Bertok, Mario Jr."]
[Result "1-0"]
[ECO "A47"]
[WhiteElo "2413"]
[BlackElo "2055"]
[Annotator "ChessBase"]
[PlyCount "103"]
[EventDate "2019.12.07"]
[EventType "swiss"]
[EventCountry "CRO"]
[SourceTitle "playchess.com"]
[Source "ChessBase"]
[SourceQuality "1"]
[TimeControl "40/5400+30:1800+30"]

1. d4 Nf6 2. Nf3 e6 3. Bg5 c5 4. e3 cxd4 5. exd4 Be7 6. c3 b6 7. Nbd2 Bb7 8. Bd3 a6 9. O-O O-O 10. Re1 Nd5 11. Bxe7 Qxe7 12. Nf1 d6 13. Ng3 Nf6 14. Bc2 Qc7 15. Qd3 Nbd7 16. Ng5 h6 17. N5e4 Rfe8 18. Qf3 Nxe4 19. Bxe4 Bxe4 20. Rxe4 Rac8 21. Nh5 Nf8 22. Rg4 Ng6 23. h4 Kh7 24. Nxg7 Kxg7 25. h5 Rg8 26. Re1 Kh7 27. hxg6+ Rxg6 28. Rxg6 Kxg6 29. Qd3+ Kg7 30. Qxa6 Rg8 31. Re3 Kh8 32. Qd3 Rg5 33. Rg3 Kg7 34. Qe3 Kf6 35. Qf4+ Kg6 36. Qe4+ Kg7 37. Qh4 Kg6 38. Rh3 h5 39. f4 Rf5 40. g4 Ra5 41. f5+ exf5 42. Qxh5+ Kf6 43. g5+ Ke6 44. Re3+ Kd5 45. Qf3+ Kc4 46. Qf1+ Kd5 47. Qf3+ Kc4 48. Qe2+ Kd5 49. Re7 Qd8 50. Qf3+ Kc4 51. b3+ Kb5 52. a4+ 1-0

[Event "IV Zagreb Open 2019"]
[Site "Zagreb"]
[Date "2019.12.12"]
[Round "7.9"]
[White "Safar, Sandro"]
[Black "Cvitan, Ognjen"]
[Result "1/2-1/2"]
[ECO "B13"]
[WhiteElo "2210"]
[BlackElo "2488"]
[Annotator "ChessBase"]
[PlyCount "30"]
[EventDate "2019.12.07"]
[EventType "swiss"]
[EventCountry "CRO"]
[SourceTitle "playchess.com"]
[Source "ChessBase"]
[SourceQuality "1"]
[TimeControl "40/5400+30:1800+30"]

1. d4 Nf6 2. Nc3 d5 3. Bf4 c5 4. e3 cxd4 5. exd4 a6 6. Nf3 Bg4 7. h3 Bxf3 8. Qxf3 Nc6 9. O-O-O e6 10. g4 Bd6 11. h4 Bxf4+ 12. Qxf4 O-O 13. g5 Ne8 14. Bh3 Qd6 15. Ne2 Qxf4+ 1/2-1/2

[Event "IV Zagreb Open 2019"]
[Site "Zagreb"]
[Date "2019.12.12"]
[Round "7.11"]
[White "Frouth, Nenad"]
[Black "Smith, Bryan"]
[Result "0-1"]
[ECO "A40"]
[WhiteElo "2195"]
[BlackElo "2428"]
[Annotator "RC"]
[PlyCount "74"]
[EventDate "2019.12.07"]
[EventType "swiss"]
[EventCountry "CRO"]
[SourceTitle "playchess.com"]
[Source "ChessBase"]
[SourceQuality "1"]
[TimeControl "40/5400+30:1800+30"]

1. Nf3 g6 2. c4 Bg7 3. d4 c5 4. d5 d6 5. g3 e6 6. Nc3 Ne7 7. Bg2 exd5 8. cxd5 O-O 9. O-O a6 10. a4 h6 11. Nd2 Nd7 12. Nc4 Nb6 13. Na3 Nf5 14. e3 Bd7 15. a5 Nc8 16. e4 Nd4 17. Be3 Qxa5 18. Bxd4 cxd4 19. Ne2 Na7 20. Nxd4 Qb6 21. Ndc2 Qxb2 22. Rb1 Qc3 23. Rxb7 Ba4 24. Qe1 Rfc8 25. Qe3 Nb5 26. Nxb5 Bxb5 27. Qf4 Qf6 28. Nb4 Bxf1 29. Bxf1 Qxf4 30. gxf4 Rc1 31. Nd3 Rd1 32. e5 dxe5 33. fxe5 a5 34. d6 a4 35. d7 Rd8 36. Ra7 Bf8 37. f4 Rxd3 0-1

[Event "IV Zagreb Open 2019"]
[Site "Zagreb"]
[Date "2019.12.13"]
[Round "8.1"]
[White "Enchev, Ivajlo"]
[Black "Kozul, Zdenko"]
[Result "1/2-1/2"]
[ECO "E97"]
[WhiteElo "2482"]
[BlackElo "2590"]
[Annotator "ChessBase"]
[PlyCount "79"]
[EventDate "2019.12.07"]
[EventType "swiss"]
[EventCountry "CRO"]
[SourceTitle "playchess.com"]
[Source "ChessBase"]
[SourceQuality "1"]
[TimeControl "40/5400+30:1800+30"]

1. d4 Nf6 2. c4 g6 3. Nc3 Bg7 4. e4 d6 5. Nf3 O-O 6. Be2 e5 7. O-O Nc6 8. dxe5 dxe5 9. Bg5 Bg4 10. Qxd8 Nxd8 11. Bxf6 Bxf6 12. Nd5 Bxf3 13. Bxf3 Bg5 14. Nxc7 Rc8 15. Nb5 Rxc4 16. Nxa7 Ne6 17. Nb5 Rb4 18. Nc3 Rxb2 19. Rab1 Rxb1 20. Rxb1 Rc8 21. Nd5 Rc2 22. a4 Nc5 23. g3 Kf8 24. h4 Rc1+ 25. Rxc1 Bxc1 26. Bd1 Nxe4 27. Bc2 Nc5 28. g4 h6 29. Kg2 Bd2 30. Nf6 Bb4 31. h5 gxh5 32. gxh5 Ne6 33. Be4 Nc5 34. Bc2 Ba5 35. Ng4 Ne6 36. Nxe5 Bc7 37. Nd3 Ke7 38. Bd1 b6 39. Kf3 Bd6 40. Ke4 1/2-1/2

[Event "IV Zagreb Open 2019"]
[Site "Zagreb"]
[Date "2019.12.13"]
[Round "8.2"]
[White "Nikolov, Momchil"]
[Black "Kovacevic, Blazimir"]
[Result "1/2-1/2"]
[ECO "D35"]
[WhiteElo "2533"]
[BlackElo "2453"]
[Annotator "ChessBase"]
[PlyCount "25"]
[EventDate "2019.12.07"]
[EventType "swiss"]
[EventCountry "CRO"]
[SourceTitle "playchess.com"]
[Source "ChessBase"]
[SourceQuality "1"]
[TimeControl "40/5400+30:1800+30"]

1. d4 Nf6 2. c4 e6 3. Nc3 d5 4. cxd5 exd5 5. Bg5 c6 6. e3 Bd6 7. Bd3 O-O 8. Nge2 Re8 9. h3 Nbd7 10. Qc2 Nf8 11. Bf4 b6 12. O-O Bb7 13. Rac1 1/2-1/2

[Event "IV Zagreb Open 2019"]
[Site "Zagreb"]
[Date "2019.12.13"]
[Round "8.3"]
[White "Kotronias, Vasilios"]
[Black "Strikovic, Aleksa"]
[Result "1-0"]
[ECO "C41"]
[WhiteElo "2506"]
[BlackElo "2468"]
[Annotator "ChessBase"]
[PlyCount "89"]
[EventDate "2019.12.07"]
[EventType "swiss"]
[EventCountry "CRO"]
[SourceTitle "playchess.com"]
[Source "ChessBase"]
[SourceQuality "1"]
[TimeControl "40/5400+30:1800+30"]

1. e4 d6 2. d4 Nf6 3. Nc3 e5 4. Nf3 Nbd7 5. Bc4 Be7 6. O-O O-O 7. a4 a5 8. Re1 c6 9. h3 Nb6 10. Ba2 Nfd7 11. Be3 exd4 12. Bxd4 Nc5 13. Bxc5 dxc5 14. Qe2 Qd6 15. Qe3 Qg6 16. Ne5 Qf6 17. Nc4 Nxc4 18. Bxc4 Be6 19. e5 Qg6 20. Bd3 Bf5 21. Bxf5 Qxf5 22. Qe4 Qxe4 23. Nxe4 Rfd8 24. Rad1 Rd5 25. Rxd5 cxd5 26. Nd6 Kf8 27. Nb5 c4 28. Rd1 Rd8 29. Kf1 Bc5 30. f4 Ke7 31. Ke2 f6 32. exf6+ Kxf6 33. Kf3 Rd7 34. Nc3 Ke6 35. Re1+ Kf7 36. Re5 Bd4 37. Rxd5 Rxd5 38. Nxd5 Bxb2 39. Nb6 c3 40. Nc4 b5 41. axb5 a4 42. b6 a3 43. b7 a2 44. b8=Q a1=Q 45. Ne5+ 1-0

[Event "IV Zagreb Open 2019"]
[Site "Zagreb"]
[Date "2019.12.13"]
[Round "8.4"]
[White "Livaic, Leon"]
[Black "Nguyen, Piotr"]
[Result "1-0"]
[ECO "A42"]
[WhiteElo "2505"]
[BlackElo "2413"]
[Annotator "ChessBase"]
[PlyCount "81"]
[EventDate "2019.12.07"]
[EventType "swiss"]
[EventCountry "CRO"]
[SourceTitle "playchess.com"]
[Source "ChessBase"]
[SourceQuality "1"]
[TimeControl "40/5400+30:1800+30"]

1. d4 g6 2. c4 Bg7 3. Nc3 d6 4. e4 e5 5. Nge2 Nd7 6. d5 Ngf6 7. f3 a5 8. Be3 Nc5 9. Qd2 Nfd7 10. h4 f5 11. exf5 gxf5 12. Ng3 O-O 13. Nh5 f4 14. Bf2 Bh8 15. Be2 Qe8 16. g4 e4 17. Nxe4 Nxe4 18. fxe4 Qxe4 19. O-O-O Ne5 20. Rhe1 a4 21. Bd3 Nxd3+ 22. Qxd3 Qxd3 23. Rxd3 b5 24. c5 b4 25. c6 Ra5 26. Rdd1 a3 27. b3 Bb2+ 28. Kc2 Kh8 29. Bd4+ Bxd4 30. Rxd4 f3 31. Rf4 Rc5+ 32. Kb1 Kg8 33. Nf6+ Kg7 34. g5 Kg6 35. Rxf3 Bf5+ 36. Ka1 Be4 37. Rf4 Bg2 38. Kb1 Bh3 39. Rg1 Bf5+ 40. Ka1 h5 41. Nd7 1-0

[Event "IV Zagreb Open 2019"]
[Site "Zagreb"]
[Date "2019.12.13"]
[Round "8.7"]
[White "Rudolf, Michal"]
[Black "Janzelj, Tim"]
[Result "1-0"]
[ECO "A80"]
[WhiteElo "2328"]
[BlackElo "2446"]
[Annotator "NA"]
[PlyCount "119"]
[EventDate "2019.12.07"]
[EventType "swiss"]
[EventCountry "CRO"]
[SourceTitle "playchess.com"]
[Source "ChessBase"]
[SourceQuality "1"]
[TimeControl "40/5400+30:1800+30"]

1. d4 f5 2. Nc3 Nf6 3. Bg5 d5 4. Bxf6 exf6 5. e3 Be6 6. Nge2 Qd7 7. Nf4 Bf7 8. Qf3 c6 9. Bd3 h5 10. h3 h4 11. O-O-O Na6 12. g4 hxg3 13. fxg3 Nb4 14. Be2 g5 15. a3 gxf4 16. axb4 fxg3 17. Qxg3 Bxb4 18. Rdf1 Be6 19. Bd3 O-O-O 20. Qf3 Bxc3 21. bxc3 Rde8 22. h4 Rh6 23. h5 Rg8 24. Bxf5 Bxf5 25. Qxf5 Qxf5 26. Rxf5 Kd7 27. Rf2 Rg5 28. Kd2 f5 29. Rfh2 a5 30. Ke2 Rg3 31. Kf2 Rg5 32. Kf3 Ke6 33. Rh4 b5 34. R4h3 Kf6 35. Rh4 a4 36. R4h3 Rg4 37. R3h2 Kg5 38. Rh3 Kf6 39. R3h2 Rg8 40. Kf4 Rg7 41. Ra1 Rg4+ 42. Kf3 Kg5 43. Rah1 a3 44. Ra1 f4 45. exf4+ Rxf4+ 46. Ke3 Re6+ 47. Kd2 Kh6 48. Rxa3 b4 49. Ra6 Ref6 50. Rb6 Rf2+ 51. Rxf2 Rxf2+ 52. Kc1 bxc3 53. Rxc6+ Kxh5 54. Rxc3 Kg6 55. Re3 Rf4 56. c3 Rf1+ 57. Kb2 Kf6 58. Re5 Rf5 59. Rxf5+ Kxf5 60. Kb3 1-0

[Event "IV Zagreb Open 2019"]
[Site "Zagreb"]
[Date "2019.12.13"]
[Round "8.8"]
[White "Smith, Bryan"]
[Black "Pavic, Filip"]
[Result "1-0"]
[ECO "B12"]
[WhiteElo "2428"]
[BlackElo "2238"]
[Annotator "NA"]
[PlyCount "53"]
[EventDate "2019.12.07"]
[EventType "swiss"]
[EventCountry "CRO"]
[SourceTitle "playchess.com"]
[Source "ChessBase"]
[SourceQuality "1"]
[TimeControl "40/5400+30:1800+30"]

1. e4 c6 2. d4 d5 3. e5 Bf5 4. h4 h5 5. Bd3 Bxd3 6. Qxd3 e6 7. Bg5 Qa5+ 8. Nd2 Qa6 9. c4 Bb4 10. b3 Ne7 11. Ngf3 Nf5 12. O-O Nd7 13. a3 Be7 14. Bxe7 Kxe7 15. Rfd1 Rhd8 16. Nf1 dxc4 17. bxc4 Nb6 18. Rac1 Kf8 19. Ne3 g6 20. Nxf5 gxf5 21. Qe3 Nxc4 22. Qh6+ Ke8 23. Ng5 Kd7 24. Qxh5 Re8 25. Qxf7+ Re7 26. Qf6 b5 27. d5 1-0

[Event "IV Zagreb Open 2019"]
[Site "Zagreb"]
[Date "2019.12.13"]
[Round "8.9"]
[White "Mravunac, Damir"]
[Black "Ivekovic, Bozidar"]
[Result "0-1"]
[ECO "A02"]
[WhiteElo "2104"]
[BlackElo "2406"]
[Annotator "NA"]
[PlyCount "70"]
[EventDate "2019.12.07"]
[EventType "swiss"]
[EventCountry "CRO"]
[SourceTitle "playchess.com"]
[Source "ChessBase"]
[SourceQuality "1"]
[TimeControl "40/5400+30:1800+30"]

1. f4 e5 2. fxe5 d6 3. exd6 Bxd6 4. Nf3 g5 5. d4 g4 6. Ng5 f5 7. e4 h6 8. e5 Be7 9. Nh3 gxh3 10. Qh5+ Kf8 11. Bc4 Qe8 12. Qxh3 Nc6 13. c3 Kg7 14. Bf4 Bg5 15. O-O Nge7 16. Nd2 Ng6 17. g3 Nce7 18. Qg2 Rh7 19. Rae1 Kh8 20. Bxg5 hxg5 21. Nf3 g4 22. Ng5 Rh5 23. Qd2 b5 24. Bb3 Bb7 25. d5 Bxd5 26. Bxd5 Rd8 27. c4 bxc4 28. e6 Rxd5 29. Qc3+ Kg8 30. Nf7 Qc6 31. Rf2 Rd3 32. Qf6 Rxg3+ 33. Kf1 Qh1+ 34. Ke2 Re3+ 35. Kxe3 Qxe1+ 0-1

[Event "IV Zagreb Open 2019"]
[Site "Zagreb"]
[Date "2019.12.13"]
[Round "8.10"]
[White "Jurkovic, Ante"]
[Black "Tica, Sven"]
[Result "1-0"]
[ECO "B10"]
[WhiteElo "2274"]
[BlackElo "2396"]
[Annotator "NA"]
[PlyCount "81"]
[EventDate "2019.12.07"]
[EventType "swiss"]
[EventCountry "CRO"]
[SourceTitle "playchess.com"]
[Source "ChessBase"]
[SourceQuality "1"]
[TimeControl "40/5400+30:1800+30"]

1. e4 c6 2. Nf3 d5 3. d3 g6 4. Nbd2 Bg7 5. g3 e5 6. Bg2 Ne7 7. O-O O-O 8. Re1 d4 9. Nb3 a5 10. a4 Na6 11. c3 c5 12. Qc2 Nc6 13. Nbd2 Be6 14. Nc4 h6 15. Qe2 Qc7 16. Nh4 Qd8 17. Qf1 Rc8 18. Rd1 Kh7 19. Bh3 Re8 20. Bxe6 Rxe6 21. Qh3 Ne7 22. Nf3 Kg8 23. Bxh6 Qf8 24. Bd2 Bf6 25. Qg4 b6 26. h4 Bg7 27. h5 Rcc6 28. h6 Bxh6 29. Nfxe5 Rc7 30. Bxh6 Qxh6 31. Nf3 f5 32. exf5 Nxf5 33. Re1 Rh7 34. Nh4 Nc7 35. Rxe6 Nxe6 36. Qxg6+ Qxg6 37. Nxg6 dxc3 38. bxc3 Kf7 39. Nge5+ Kf6 40. Rb1 Ne7 41. Nd7+ 1-0

[Event "IV Zagreb Open 2019"]
[Site "Zagreb"]
[Date "2019.12.13"]
[Round "8.11"]
[White "Cvitan, Ognjen"]
[Black "Medic, Mirjana"]
[Result "1-0"]
[ECO "A84"]
[WhiteElo "2488"]
[BlackElo "2190"]
[Annotator "ChessBase"]
[PlyCount "77"]
[EventDate "2019.12.07"]
[EventType "swiss"]
[EventCountry "CRO"]
[SourceTitle "playchess.com"]
[Source "ChessBase"]
[SourceQuality "1"]
[TimeControl "40/5400+30:1800+30"]

1. Nf3 d5 2. d4 e6 3. c4 c6 4. Nc3 f5 5. Bf4 Nf6 6. e3 Be7 7. h3 O-O 8. Qc2 Na6 9. Be2 Ne4 10. O-O Bd7 11. Ne5 Be8 12. Nxe4 fxe4 13. cxd5 cxd5 14. Qb3 Rb8 15. f3 exf3 16. Nxf3 Bd6 17. Bxd6 Qxd6 18. Ne5 Rf6 19. a3 Nc5 20. Qb4 Ne4 21. Bd3 Rxf1+ 22. Kxf1 a5 23. Qe1 Bc6 24. Kg1 Nc5 25. Bc2 Nd7 26. Nxd7 Bxd7 27. Qxa5 Qg3 28. Qe1 Qg5 29. Kh2 Rc8 30. Bb3 Bb5 31. Rc1 Rxc1 32. Qxc1 Qd8 33. e4 Bd3 34. exd5 exd5 35. Qe3 Qd6+ 36. Qg3 Qxg3+ 37. Kxg3 Be4 38. Bd1 Kf7 39. Bf3 1-0

[Event "IV Zagreb Open 2019"]
[Site "Zagreb"]
[Date "2019.12.14"]
[Round "9.2"]
[White "Kotronias, Vasilios"]
[Black "Enchev, Ivajlo"]
[Result "1/2-1/2"]
[ECO "C92"]
[WhiteElo "2506"]
[BlackElo "2482"]
[Annotator "ChessBase"]
[PlyCount "21"]
[EventDate "2019.12.07"]
[EventType "swiss"]
[EventCountry "CRO"]
[SourceTitle "playchess.com"]
[Source "ChessBase"]
[SourceQuality "1"]
[TimeControl "40/5400+30:1800+30"]

1. e4 e5 2. Nf3 Nc6 3. Bb5 a6 4. Ba4 Nf6 5. O-O b5 6. Bb3 Be7 7. Re1 O-O 8. h3 d6 9. c3 Bb7 10. d4 Re8 11. Ng5 1/2-1/2

[Event "IV Zagreb Open 2019"]
[Site "Zagreb"]
[Date "2019.12.14"]
[Round "9.3"]
[White "Rudolf, Michal"]
[Black "Nikolov, Momchil"]
[Result "0-1"]
[ECO "A46"]
[WhiteElo "2328"]
[BlackElo "2533"]
[Annotator "ChessBase"]
[PlyCount "89"]
[EventDate "2019.12.07"]
[EventType "swiss"]
[EventCountry "CRO"]
[SourceTitle "playchess.com"]
[Source "ChessBase"]
[SourceQuality "1"]
[TimeControl "40/5400+30:1800+30"]

1. d4 Nf6 2. Nf3 e6 3. Bg5 h6 4. Bh4 d6 5. Nbd2 g5 6. Bg3 Nh5 7. e4 Bg7 8. c3 Qe7 9. Bd3 Nd7 10. O-O O-O 11. Re1 c5 12. Nc4 Nxg3 13. hxg3 cxd4 14. cxd4 b6 15. d5 Ba6 16. dxe6 fxe6 17. Nxd6 Qxd6 18. Bxa6 Qxd1 19. Raxd1 Nc5 20. Bc4 Bxb2 21. Re2 Bg7 22. e5 Rad8 23. Rxd8 Rxd8 24. Rd2 Rxd2 25. Nxd2 Bxe5 26. Nb3 Ne4 27. Bxe6+ Kf8 28. Nc1 Bd4 29. Nd3 Nxg3 30. Kh2 Ke7 31. Bg8 Ne4 32. f3 Nf6 33. Bb3 b5 34. g4 a5 35. a4 bxa4 36. Bxa4 Nd5 37. Kg2 Nc3 38. Bb3 a4 39. Bg8 Kd6 40. f4 a3 41. fxg5 hxg5 42. Nc1 Be3 43. Na2 Nxa2 44. Bxa2 Ke5 45. Kf3 0-1

[Event "IV Zagreb Open 2019"]
[Site "Zagreb"]
[Date "2019.12.14"]
[Round "9.4"]
[White "Kovacevic, Blazimir"]
[Black "Plenca, Jadranko"]
[Result "1/2-1/2"]
[ECO "A14"]
[WhiteElo "2453"]
[BlackElo "2453"]
[Annotator "ChessBase"]
[PlyCount "68"]
[EventDate "2019.12.07"]
[EventType "swiss"]
[EventCountry "CRO"]
[SourceTitle "playchess.com"]
[Source "ChessBase"]
[SourceQuality "1"]
[TimeControl "40/5400+30:1800+30"]

1. c4 e6 2. g3 d5 3. Bg2 Nf6 4. Nf3 Be7 5. O-O O-O 6. b3 c6 7. Bb2 b6 8. e3 Nbd7 9. Qe2 a5 10. Nc3 Ba6 11. d3 b5 12. Rfd1 a4 13. Rab1 Qa5 14. e4 bxc4 15. bxc4 dxc4 16. d4 Rab8 17. Qc2 a3 18. Ba1 h6 19. Bf1 Rfd8 20. Rxb8 Rxb8 21. Rb1 Rxb1 22. Nxb1 c5 23. Nbd2 cxd4 24. Bxd4 Qc7 25. Bxc4 Bxc4 26. Bxf6 Nxf6 27. Nxc4 Qb7 28. Nfd2 Bc5 29. h3 h5 30. Qd3 g6 31. Nb3 Ba7 32. Nbd2 Bc5 33. Nb3 Ba7 34. Nbd2 Bc5 1/2-1/2

[Event "IV Zagreb Open 2019"]
[Site "Zagreb"]
[Date "2019.12.14"]
[Round "9.6"]
[White "Stany, G.A."]
[Black "Jurkovic, Ante"]
[Result "1-0"]
[ECO "C09"]
[WhiteElo "2526"]
[BlackElo "2274"]
[Annotator "ChessBase"]
[PlyCount "75"]
[EventDate "2019.12.07"]
[EventType "swiss"]
[EventCountry "CRO"]
[SourceTitle "playchess.com"]
[Source "ChessBase"]
[SourceQuality "1"]
[TimeControl "40/5400+30:1800+30"]

1. e4 e6 2. d4 d5 3. Nd2 c5 4. exd5 exd5 5. Ngf3 Nc6 6. Bb5 Bd6 7. dxc5 Bxc5 8. O-O Nge7 9. Nb3 Bd6 10. h3 O-O 11. Re1 Nf5 12. c3 h6 13. Ba4 Bc7 14. Nc5 d4 15. Bxc6 bxc6 16. cxd4 Qd5 17. b3 Rd8 18. Bb2 Bf4 19. Re4 Bd6 20. Qe2 Bxc5 21. Re5 Qd6 22. dxc5 Qd3 23. g4 f6 24. Re8+ Kf7 25. gxf5 Qxe2 26. Rxe2 Bxf5 27. Kg2 Rd5 28. Rae1 Kf8 29. Nd4 Bd7 30. h4 Rb8 31. Ne6+ Kg8 32. Nc7 Rd3 33. Ba3 Rd4 34. Re7 Rd2 35. Bc1 Rd3 36. Ne6 g5 37. hxg5 hxg5 38. Rg7+ 1-0

[Event "IV Zagreb Open 2019"]
[Site "Zagreb"]
[Date "2019.12.14"]
[Round "9.7"]
[White "Dinev, Dejan"]
[Black "Cvitan, Ognjen"]
[Result "1/2-1/2"]
[ECO "D02"]
[WhiteElo "2223"]
[BlackElo "2488"]
[Annotator "ChessBase"]
[PlyCount "28"]
[EventDate "2019.12.07"]
[EventType "swiss"]
[EventCountry "CRO"]
[SourceTitle "playchess.com"]
[Source "ChessBase"]
[SourceQuality "1"]
[TimeControl "40/5400+30:1800+30"]

1. d4 Nf6 2. Nf3 e6 3. g3 c5 4. Bg2 cxd4 5. Nxd4 d5 6. O-O e5 7. Nb3 Be6 8. c4 Nc6 9. cxd5 Nxd5 10. Nc3 Nxc3 11. bxc3 Be7 12. Be3 O-O 13. Nc5 Bxc5 14. Bxc5 Qxd1 1/2-1/2

[Event "IV Zagreb Open 2019"]
[Site "Zagreb"]
[Date "2019.12.14"]
[Round "9.8"]
[White "Strikovic, Aleksa"]
[Black "Liu, Zhaoqi"]
[Result "1-0"]
[ECO "B38"]
[WhiteElo "2468"]
[BlackElo "2380"]
[Annotator "RC"]
[PlyCount "69"]
[EventDate "2019.12.07"]
[EventType "swiss"]
[EventCountry "CRO"]
[SourceTitle "playchess.com"]
[Source "ChessBase"]
[SourceQuality "1"]
[TimeControl "40/5400+30:1800+30"]

1. c4 c5 2. Nf3 Nf6 3. Nc3 g6 4. d4 cxd4 5. Nxd4 Bg7 6. e4 O-O 7. Be2 d6 8. O-O Nc6 9. Be3 Bd7 10. h3 Nxd4 11. Bxd4 Bc6 12. Qc2 a5 13. Rad1 Nd7 14. Bxg7 Kxg7 15. Bg4 Ne5 16. c5 Nxg4 17. hxg4 Qd7 18. f3 b5 19. cxd6 exd6 20. Qf2 Rfd8 21. Rd2 Qa7 22. Rfd1 b4 23. Ne2 Ba4 24. b3 Bb5 25. Nf4 Qxf2+ 26. Kxf2 a4 27. Rd4 axb3 28. axb3 Ra2+ 29. Kg3 h5 30. gxh5 gxh5 31. Rxb4 Be2 32. Rd5 h4+ 33. Kxh4 Bf1 34. Kg3 Kf6 35. Rf5+ 1-0

[Event "IV Zagreb Open 2019"]
[Site "Zagreb"]
[Date "2019.12.14"]
[Round "9.9"]
[White "Nguyen, Piotr"]
[Black "Matanovic, Luka"]
[Result "1-0"]
[ECO "D94"]
[WhiteElo "2413"]
[BlackElo "2280"]
[Annotator "NA"]
[PlyCount "41"]
[EventDate "2019.12.07"]
[EventType "swiss"]
[EventCountry "CRO"]
[SourceTitle "playchess.com"]
[Source "ChessBase"]
[SourceQuality "1"]
[TimeControl "40/5400+30:1800+30"]

1. c4 c6 2. Nf3 d5 3. e3 g6 4. d4 Bg7 5. Be2 Nf6 6. O-O O-O 7. Nc3 a6 8. Ne5 b5 9. cxd5 cxd5 10. b4 Qd6 11. a4 bxa4 12. Qxa4 Nfd7 13. Nxd7 Nxd7 14. b5 Nb6 15. Qa3 Qc7 16. bxa6 e5 17. Qc5 Qxc5 18. dxc5 e4 19. cxb6 Bxc3 20. Ra3 Bb4 21. Rb3 1-0

[Event "IV Zagreb Open 2019"]
[Site "Zagreb"]
[Date "2019.12.14"]
[Round "9.10"]
[White "Safar, Sandro"]
[Black "Drnovsek, Gal"]
[Result "1-0"]
[ECO "D00"]
[WhiteElo "2210"]
[BlackElo "2388"]
[Annotator "NA"]
[PlyCount "83"]
[EventDate "2019.12.07"]
[EventType "swiss"]
[EventCountry "CRO"]
[SourceTitle "playchess.com"]
[Source "ChessBase"]
[SourceQuality "1"]
[TimeControl "40/5400+30:1800+30"]

1. d4 Nf6 2. Nc3 d5 3. Bf4 e6 4. Nb5 Na6 5. a3 c6 6. Nc3 Nb8 7. e3 Bd6 8. Nf3 O-O 9. Ne5 Qc7 10. Bg3 Nbd7 11. f4 a6 12. Bd3 c5 13. Bf2 b5 14. g4 c4 15. Nxd7 Bxd7 16. g5 cxd3 17. gxf6 gxf6 18. Qh5 Be7 19. Qh6 Kh8 20. Bh4 Qd8 21. Rg1 Rg8 22. Rxg8+ Qxg8 23. Bxf6+ Bxf6 24. Qxf6+ Qg7 25. Qxg7+ Kxg7 26. cxd3 Kf6 27. Kf2 a5 28. Ne2 Ke7 29. e4 f6 30. b3 Be8 31. Rc1 b4 32. a4 f5 33. Ng3 Bg6 34. exd5 exd5 35. h4 Ke6 36. Rc6+ Kd7 37. Rc5 Ke6 38. Nf1 Kd6 39. Ne3 Bf7 40. Nxf5+ Ke6 41. Ne3 Kd6 42. f5 1-0

[Event "IV Zagreb Open 2019"]
[Site "Zagreb"]
[Date "2019.12.14"]
[Round "9.11"]
[White "Janzelj, Tim"]
[Black "Selendic, Ivan"]
[Result "1-0"]
[ECO "C98"]
[WhiteElo "2446"]
[BlackElo "2192"]
[Annotator "NA"]
[PlyCount "89"]
[EventDate "2019.12.07"]
[EventType "swiss"]
[EventCountry "CRO"]
[SourceTitle "playchess.com"]
[Source "ChessBase"]
[SourceQuality "1"]
[TimeControl "40/5400+30:1800+30"]

1. e4 e5 2. Nf3 Nc6 3. Bb5 a6 4. Ba4 Nf6 5. O-O Be7 6. Re1 b5 7. Bb3 d6 8. c3 O-O 9. h3 Na5 10. Bc2 c5 11. d4 Qc7 12. Nbd2 Bb7 13. d5 Bc8 14. b3 Ne8 15. Nf1 f5 16. exf5 Bxf5 17. Bxf5 Rxf5 18. c4 g6 19. Ng3 Rf7 20. Qd3 Qd7 21. Bh6 Ng7 22. Bxg7 Kxg7 23. Ne4 h6 24. Rad1 Rc8 25. Qc3 Nb7 26. a3 Bd8 27. Qe3 Rf4 28. g3 Rf7 29. Kg2 Ba5 30. Rf1 Rcf8 31. Nh2 Bd8 32. cxb5 axb5 33. b4 Bb6 34. Ng4 g5 35. Nxh6 Kxh6 36. Nxg5 Kg6 37. Ne6 Rh8 38. Qe4+ Kf6 39. f4 Ke7 40. fxe5 Nd8 41. Qg4 cxb4 42. exd6+ Qxd6 43. Rfe1 Rf2+ 44. Kh1 Nf7 45. Nc5+ 1-0